 Dungeon Crawl Stone Soup version 0.27-a0-1193-g8631133539 (webtiles) character file.

Game seed: 46568894506603606

184 senseless the Chopper (level 5, -2/28 HPs)
             Began as a Vine Stalker Fighter on May 25, 2021.
             Killed by divine providence
             ... invoked by an orc priest
              (11 damage)
             ... on level 3 of the Dungeon.
             The game lasted 00:03:24 (2217 turns).

senseless the Chopper (Vine Stalker Fighter)        Turns: 2217, Time: 00:03:25

Health: -2/28      AC:  7    Str: 19    XL:     5   Next: 64%
Magic:  0/6        EV:  7    Int:  8    God:
Gold:   109        SH:  9    Dex: 14    Spells: 4/4 levels left

rFire    . . .     SeeInvis .   a - +0 war axe
rCold    . . .     Faith    .   c - +0 kite shield
rNeg     . . .     Spirit   +   b - +0 scale mail
rPois    .         Reflect  .   (no helmet)
rElec    .         Harm     .   (no cloak)
rCorr    .         Rampage  .   (no gloves)
Will     .....     Clarity  +   i - +0 pair of boots
Stlth    ..........             (no amulet)
HPRegen  1.09/turn              (no ring)
MPRegen  0.10/turn              (no ring)

@: no status effects
A: fangs 2, regeneration 1, magic shield, antimagic bite, no potion heal 2,
clarity
a: no special abilities


You were on level 3 of the Dungeon.
You visited 1 branch of the dungeon, and saw 3 of its levels.

You collected 109 gold pieces.

Inventory:

Hand Weapons
 a - a +0 war axe (weapon)
Armour
 b - a +0 scale mail (worn)
 c - a +0 kite shield (worn)
 i - a +0 pair of boots (worn)
Potions
 d - a potion of might
 e - a potion of curing
 f - 2 potions of lignification
 g - a potion of invisibility {unknown}
 h - a potion of ambrosia {unknown}
 j - a potion of flight {unknown}
 k - a potion of attraction {unknown}
 l - a potion of heal wounds {unknown}


   Skills:
 + Level 3.4 Fighting
 + Level 3.5 Axes
 + Level 3.0 Armour
 + Level 0.6 Dodging
 + Level 0.1 Stealth
 + Level 3.2 Shields


You had 4 spell levels left.
You didn't know any spells.
Your spell library was empty.

Dungeon Overview and Level Annotations

Branches:
Dungeon (3/15)

Altars:


Innate Abilities, Weirdness & Mutations

You have extremely sharp teeth.
Your natural rate of healing is unusually fast.
When hurt, damage is shared between your health and your magic reserves.
Your bite disrupts and absorbs the magic of your enemies.
Potions cannot restore your health.
You possess an exceptional clarity of mind.


Message History

The orc wizard flickers and vanishes!
Deactivating autopickup; reactivate with Ctrl-A.
The orc hits you with a +0 flail. The orc priest completely misses you.
You hear some strange, mumbled words.
You feel momentarily confused.
The orc priest hits you with a +0 flail.
You hit the orc priest.
You bite the orc priest, but do no damage.
The orc priest is severely wounded.
You miss something. You closely miss the orc priest. You barely miss the orc.
You block the orc's attack. Something hits you but does no damage.
The orc priest hits you but does no damage.
The orc priest invokes the aid of Beogh against you.
Pain shoots through your body!
You slash something!
Reactivating autopickup.
You feel a bit more experienced.
You hit the orc priest.
Your shield prevents you from hitting the orc.
You hit the orc priest. The orc barely misses you.
The orc priest barely misses you. You block the orc's attack.
The orc priest closely misses you. The orc priest barely misses you.
You hit the orc priest.
You bite the orc priest, but do no damage.
The orc priest is almost dead.
You closely miss the orc wizard. You closely miss the orc.
You hit the orc priest. The orc wizard closely misses you.
You block the orc's attack.
The orc priest invokes the aid of Beogh against you.
Beogh smites you!
The orc priest hits you with a +0 hand axe.
* * * LOW HITPOINT WARNING * * *
The orc wizard closely misses you. The orc hits you with a +0 flail.
* * * LOW HITPOINT WARNING * * *
You barely miss the orc priest.
The orc priest is almost dead.
You closely miss the orc wizard. You hit the orc but do no damage.
You closely miss the orc priest.
The orc priest mumbles some strange prayers to Beogh against you.
Beogh smites you!
You die...

#......... #..........#
#..........#
######..........#
................
#######........# ####
...# ##........## .(..#
.).# #..........##.....#
...###.........o@o......
...............oo#.####.
...###.....(.......#
...# #..........####
...# ##........## ####
##.....<.# ####
###.##..# ...# #.#...#
##.##### #.#.#.#


You could see 2 orc priests, an orc wizard and an orc.

Vanquished Creatures
  An ogre (D:2)
  An orc wizard (D:3)
  A gnoll (D:1)
  An adder (D:2)
  A worm (D:2)
  2 dart slugs (D:2)
  5 ball pythons
  9 endoplasms
  2 giant cockroaches
  2 goblins
  3 hobgoblins
  4 jackals (D:1)
  2 kobolds (D:3)
  4 bats
  3 frilled lizards
  5 rats
46 creatures vanquished.

Notes
Turn   | Place    | Note
-------+----------+-------------------------------------------
     0 | D:1      | senseless the Vine Stalker Fighter began the quest for the
                  | Orb.
     0 | D:1      | Reached XP level 1. HP: 11/11 MP: 2/2
    51 | D:1      | Reached XP level 2. HP: 5/16 MP: 1/3
   529 | D:1      | Reached XP level 3. HP: 17/19 MP: 2/4
  1182 | D:2      | Noticed an ogre
  1191 | D:2      | Killed an ogre
  1192 | D:2      | Gained mutation: Your natural rate of healing is unusually
                  | fast. [Vine Stalker growth]
  1192 | D:2      | Reached XP level 4. HP: 9/24 MP: 2/5
  1192 | D:2      | Reached XP level 5. HP: 11/28 MP: 2/6
  2037 | D:2      | Gained mutation: You possess an exceptional clarity of
                  | mind. [potion of mutation]
  2217 | D:3      | Killed from afar by an orc priest

Illustrated notes

Levels and vault maps discovered:
D:1:      shiori_arrival_elements, layout_basic
D:2:      minmay_door_path, layout_rooms, serial_co_window_serial,
          co_window_paths_b, co_window_corner_a, co_window_cross_1,
          co_window_paths_b, co_window_corner_a, co_window_paths_b,
          co_window_paths_a, co_window_corner_a, co_window_corner_a,
          co_window_corner_b, co_window_unsneaky_path_b, co_window_2corner,
          glass_columns_a, glass_columns_b, glass_columns_b, glass_columns_b,
          glass_columns_a, minmay_domino_4
D:3:      layout_rooms, xom_teletrap_fun, serial_park_tiny_pond

Skill      XL: |  1  2  3 |
---------------+----------+-----
Axes           | 2 3 |  3.5
Fighting       | 3 |  3.4
Shields        | 3 |  3.2
Armour         | 3 |  3.0
Dodging        | |  0.6
Stealth        | |  0.1

Action                   |  1- 3 |  4- 6 || total
-------------------------+-------+-------++-------
Melee: War axe           |    53 |    42 ||    95
       Bite              |    14 |    15 ||    29
  Use: Scroll            |     3 |     1 ||     4
       Potion            |     2 |     1 ||     3
Armor: Scale mail        |    26 |    20 ||    46
Dodge: Dodged            |    24 |    17 ||    41
Block: Kite shield       |    33 |    21 ||    54

Table legend: (Time is in decaauts)
 A = Elapsed time spent in this place.
 B = Non-inter-level travel time spent in this place.
 C = Inter-level travel time spent in this place.
 D = Time resting spent in this place.
 E = Time spent auto-exploring this place.
 F = Levels seen in this place.
 G = Mean time per level.
                   A        B        C        D        E       F      G
               +--------+--------+--------+--------+--------+-----+--------+
         Total |   2274 |   2204 |     70 |     42 |   1866 |   3 |  758.0 |
       Dungeon |   2274 |   2204 |     70 |     42 |   1866 |   3 |  758.0 |
               +--------+--------+--------+--------+--------+-----+--------+

Top non-repeatable levels by time:
     D:1: 1135 daAuts
     D:2: 948 daAuts
     D:3: 190 daAuts
